AoeStats
← Comend x comend

MegaRandom

506677579Analyzed
4v4 RM · 18d ago on Sep 14, 2026· 46m 35s· 8 players
Game mode
Random Map
Map size
Large (8 player)
Population
200
Speed
Normal
Resources
Standard
Victory
Conquest
Starting age
Dark Age
Ending age
Imperial Age
RankedLock teamsTeams togetherTeam positionsShared explorationLock speedFull tech treeHidden civsTurbo modeCheats
Victory
Defeat
🇵🇪 Vietnamese · Peru
1360
+18
🇨🇴 Vietnamese · Colombia
1275
+21
🇨🇱 Franks · Chile
1245
+22
🇨🇦 Mongols · Canada
1241
+22
🇫🇷 Mongols · France
1412
-21
🇦🇷 Vikings · Argentina
1402
-21
🇫🇮 Lithuanians · Finland
1386
-21
🇨🇳 Sicilians · China
1366
-20
7777777
3:17 Loom
13:03 Feudal Age
14:38 Bloodlines
14:55 Forging
20:52 Scale Barding Armor
27:29 Castle Age
25:52 Scale Mail Armor
27:39 Pikeman
33:07 Squires
39:11 Iron Casting
42:10 Double-Bit Axe
42:20 Gold Mining
42:00 Light Cavalry
NicoRespeto
4:58 Loom
15:22 Feudal Age
19:14 Castle Age
18:57 Fletching
19:08 Padded Archer Armor
20:30 Crossbowman
22:20 Double-Bit Axe
24:07 Bodkin Arrow
24:43 Ballistics
25:47 Leather Archer Armor
30:33 Bow Saw
34:47 Imperial Age
34:43 Fortified Wall
34:43 Elite Skirmisher
36:31 Chemistry
35:51 Arbalester
berber.sinan
6:51 Loom
14:08 Feudal Age
14:43 Double-Bit Axe
17:42 Castle Age
15:52 Gold Mining
16:56 Stone Mining
20:56 Horse Collar
27:22 Fletching
28:11 Bodkin Arrow
30:53 Bow Saw
31:27 Husbandry
31:37 Bloodlines
32:10 Bloodlines
32:51 Ballistics
33:52 Wheelbarrow
33:03 Town Watch
33:24 Padded Archer Armor
36:34 Hand Cart
40:59 Imperial Age
39:51 Light Cavalry
40:43 Forging
40:33 Scale Mail Armor
40:43 Forging
40:33 Scale Mail Armor
41:19 Leather Archer Armor
41:47 Bracer
42:28 Iron Casting
41:58 Scale Barding Armor
43:02 Conscription
42:22 Pikeman
43:04 Squires
44:21 Scale Mail Armor
45:21 Blast Furnace
44:21 Scale Mail Armor
45:21 Blast Furnace
SlyFever
4:20 Loom
9:08 Loom
12:40 Feudal Age
13:51 Fletching
14:09 Double-Bit Axe
16:38 Wheelbarrow
17:59 Horse Collar
24:53 Castle Age
22:49 Gold Mining
23:01 Stone Mining
23:17 Scale Mail Armor
23:27 Forging
24:44 Forging
24:21 Arson
26:04 Heavy Plow
27:43 Chain Mail Armor
27:55 Bow Saw
29:14 Iron Casting
30:14 Town Watch
31:07 Bodkin Arrow
31:51 Masonry
32:55 Hand Cart
38:51 Imperial Age
36:35 Gambesons
37:36 Gold Shaft Mining
37:43 Scale Barding Armor
38:59 Chain Barding Armor
39:20 Bloodlines
39:11 Husbandry
40:23 Plate Barding Armor
39:55 Hauberk
41:47 Blast Furnace
41:02 Cavalier
44:26 Bracer
44:21 Arrowslits
44:27 Light Cavalry
TITO15
3:38 Loom
13:59 Feudal Age
19:26 Castle Age
aoegamer115
8:48 Loom
11:48 Feudal Age
15:53 Castle Age
14:08 Double-Bit Axe
14:45 Horse Collar
17:38 Bow Saw
18:49 Heavy Plow
25:39 Wheelbarrow
25:26 Fletching
25:40 Gold Mining
25:41 Stone Mining
25:55 Padded Archer Armor
33:01 Imperial Age
31:37 Ballistics
31:13 Bodkin Arrow
31:33 Town Watch
32:08 Leather Archer Armor
32:20 Husbandry
32:31 Bloodlines
33:45 Thumb Ring
33:21 Elite Mangudai
34:19 Bracer
34:12 Capped Ram
35:28 Conscription
35:29 Drill
35:38 Hand Cart
36:57 Chemistry
36:08 Clinker Construction
36:26 Parthian Tactics
36:16 Onager
37:57 Gold Shaft Mining
39:04 Siege Onager
39:06 Siege Ram
40:41 Siege Engineers
40:47 Masonry
42:16 Hoardings
43:55 Coinage
maximilianoshopify
12:36 Feudal Age
13:06 Loom
13:09 Double-Bit Axe
16:49 Forging
17:24 Wheelbarrow
19:52 Scale Barding Armor
28:00 Castle Age
32:53 Gold Mining
41:47 Hand Cart
45:28 Imperial Age
44:23 Town Watch
44:43 Husbandry
45:24 Chain Barding Armor
45:37 Cavalier
47:13 Iron Casting
46:50 Bow Saw
47:16 Gold Shaft Mining
Comend x comend
5:55 Loom
14:55 Feudal Age
15:26 Double-Bit Axe
19:10 Castle Age
20:21 Bow Saw
22:42 Gold Mining
23:09 Fishing Lines
24:25 Wheelbarrow
24:02 Husbandry
25:03 Stone Mining
26:46 Bloodlines
27:12 Hand Cart
27:50 Gillnets
29:03 Horse Collar
35:47 Imperial Age
34:10 Forging
34:06 Scale Barding Armor
39:05 Chatras
40:21 Elite Battle Elephant
43:19 Scale Barding Armor
Connection lost

Rejoining the realm…

Still unreachable

The connection could not be restored.

Session expired

The server has moved on; the page needs a fresh start.